 Dungeon Crawl Stone Soup version 0.28-a0-265-g048bc9fd10 (webtiles) character file.

Game seed: 12687782491373793639

155 pokeman the Magician (level 5, 0/29 HPs)
             Began as a Deep Elf Hedge Wizard on Aug 28, 2021.
             Slain by an iguana (13 damage)
             ... on level 4 of the Dungeon.
             The game lasted 00:04:46 (3180 turns).

pokeman the Magician (Deep Elf Hedge Wizard)        Turns: 3180, Time: 00:04:48

Health: 0/29       AC:  4    Str:  7    XL:     5   Next: 14%
Magic:  8/15       EV: 12    Int: 20    God:
Gold:   130        SH:  0    Dex: 14    Spells: 4/16 levels left

rFire   . . .      SeeInvis .   n - staff of air
rCold   . . .      Faith    .   (no shield)
rNeg    . . .      Spirit   .   p - +0 leather armour
rPois   .          Reflect  .   e - +0 helmet
rElec   +          Harm     .   (no cloak)
rCorr   .          Rampage  .   (no gloves)
Will    .....                   (no boots)
Stlth   ++........              (no amulet)
HPRegen 0.09/turn               (no ring)
MPRegen 0.14/turn               (no ring)

@: very slightly contaminated
A: no striking features
a: no special abilities


You were on level 4 of the Dungeon.
You visited 1 branch of the dungeon, and saw 4 of its levels.

You collected 130 gold pieces.

Inventory:

Missiles
 f - 26 arrows
 m - 22 bolts
Armour
 e - a +0 helmet (worn)
 p - a +0 leather armour (worn)
Magical Staves
 n - a staff of air (weapon)
Wands
 o - a wand of digging (5)
Scrolls
 a - 2 scrolls of teleportation {unknown}
 g - a scroll of noise {unknown}
 j - 2 scrolls of identify {unknown}
 k - a scroll of amnesia {unknown}
 l - a scroll of enchant weapon {unknown}
Potions
 c - a potion of degeneration {unknown}
 d - a potion of curing {unknown}
 h - a potion of ambrosia {unknown}
 i - a potion of invisibility {unknown}


   Skills:
 - Level 1.0 Fighting
 - Level 1.0 Armour
 - Level 3.0 Dodging
 - Level 2.4 Stealth
 * Level 6.1 Spellcasting
 + Level 2.4 Conjurations
 - Level 1.1 Summonings
 - Level 1.1 Translocations
 - Level 1.1 Fire Magic
 + Level 0.0 Air Magic
 + Level 0.7 Evocations


You had 4 spell levels left.
You knew the following spells:

 Your Spells              Type           Power      Damage    Failure   Level
a - Magic Dart            Conj           64%        1d6       5%          1
b - Mephitic Cloud        Conj/Pois/Air  14%        N/A       32%         3
c - Call Imp              Summ           10%        N/A       14%         2
d - Blink                 Tloc           N/A        N/A       14%         2
e - Conjure Flame         Conj/Fire      13%        6-21      22%         3
f - Foxfire               Conj/Fire      52%        2x1d6     7%          1

Your spell library contained the following spells:

 Spells                   Type           Power      Damage    Failure   Level
 Apportation              Tloc           20%        N/A       10%         1
 Summon Small Mammal      Summ           40%        N/A       10%         1
 Animate Skeleton         Necr           12%        N/A       16%         1
 Corona                   Hex            6%         N/A       16%         1
 Passwall                 Tmut/Erth      5%         N/A       22%         2
 Slow                     Hex            6%         N/A       22%         2
 Inner Flame              Hex/Fire       8%         N/A       34%         3
 Swiftness                Air            9%         N/A       41%         3
 Invisibility             Hex            3%         N/A       100%        6


Dungeon Overview and Level Annotations

Branches:
Dungeon (4/15)
 Temple: D:4-7

Altars:
Makhleb


Message History

Confirm with . or Enter, or press ? or * to list all spells.
You conjure some foxfire!
Unknown command.
Casting: Foxfire (safe; 7% risk of failure)
Confirm with . or Enter, or press ? or * to list all spells.
You conjure some foxfire!
The foxfire hits the iguana but does no damage.
The iguana is moderately wounded.
The foxfire hits the iguana but does no damage.
The iguana is moderately wounded.
The iguana barely misses you.
Casting: Foxfire (safe; 7% risk of failure)
Confirm with . or Enter, or press ? or * to list all spells.
You conjure some foxfire!
The foxfire hits the iguana.
The iguana is heavily wounded.
The foxfire hits the iguana but does no damage.
The iguana is heavily wounded.
The iguana bites you.
Casting: Foxfire (safe; 7% risk of failure)
Confirm with . or Enter, or press ? or * to list all spells.
You conjure some foxfire!
The foxfire hits the iguana.
The iguana is severely wounded.
The foxfire hits the iguana but does no damage.
The iguana is severely wounded.
The iguana misses you.
Casting: Foxfire (safe; 7% risk of failure)
Confirm with . or Enter, or press ? or * to list all spells.
You conjure some foxfire!
The foxfire hits the iguana.
The iguana is severely wounded.
The iguana barely misses you.
The foxfire hits the iguana.
The iguana is severely wounded.
Unknown command.
You hit the iguana but do no damage.
The iguana is severely wounded.
The foxfire hits the iguana but does no damage.
The iguana is severely wounded.
The foxfire hits the iguana.
The iguana is almost dead.
The iguana bites you! x2
You die...

#.# ####.#####
#........# #.##.###.#
#+## #.##.# #.# #...##
#.##.###.# #.....#
#........# ##.......
#######)....####.§......
...............§@.......
#######.....####.l.$....
#..#..# ##.......
#.###.# #.....# #.# #.#
#...## #.# #.# ..## #..
..# .# #.# ## .#


You could see an iguana.

Vanquished Creatures
  A jelly (D:4)
  A hound (D:4)
  5 adders
  3 ball pythons (D:1)
  7 bats
  4 endoplasms (D:3)
  A giant cockroach (D:3)
  7 goblins
  6 hobgoblins
  6 kobolds
  5 quokkas
  2 frilled lizards
  4 rats
52 creatures vanquished.

Vanquished Creatures (others)
  114 foxfires
114 creatures vanquished.

Grand Total: 166 creatures vanquished

Notes
Turn   | Place    | Note
-------+----------+-------------------------------------------
     0 | D:1      | pokeman the Deep Elf Hedge Wizard began the quest for the
                  | Orb.
     0 | D:1      | Reached XP level 1. HP: 10/10 MP: 7/7
   693 | D:1      | Reached XP level 2. HP: 16/16 MP: 5/9
  1392 | D:2      | Reached skill level 5 in Spellcasting
  1461 | D:2      | Reached XP level 3. HP: 20/20 MP: 9/11
  1472 | D:2      | Learned a level 3 spell: Mephitic Cloud
  1475 | D:2      | Learned a level 2 spell: Call Imp
  1478 | D:2      | Learned a level 2 spell: Blink
  1482 | D:2      | Learned a level 3 spell: Conjure Flame
  1484 | D:2      | Learned a level 1 spell: Foxfire
  1604 | D:2      | Reached skill level 1 in Armour
  1676 | D:2      | Found a faded altar of an unknown god.
  1743 | D:2      | Reached skill level 1 in Fighting
  1789 | D:2      | Found a burning altar of Makhleb.
  2129 | D:3      | Reached XP level 4. HP: 25/25 MP: 9/13
  3112 | D:4      | Reached skill level 6 in Spellcasting
  3112 | D:4      | Reached skill level 1 in Fire Magic
  3112 | D:4      | Reached XP level 5. HP: 29/29 MP: 10/15
  3180 | D:4      | Slain by an iguana

Illustrated notes

Levels and vault maps discovered:
D:1:      dpeg_arrival_oval, layout_loops_corners
D:2:      layout_rooms, basic_altar, hellmonk_ecumenical_altar_heavens_door,
          serial_bayou_crossing
D:3:      layout_basic
D:4:      layout_loops_corners

Skill      XL: |  1  2  3  4 |
---------------+-------------+-----
Spellcasting   | 5 6 |  6.1
Armour         | 1 |  1.0
Fighting       | 1 |  1.0
Conjurations   | 2 |  2.4
Dodging        | 3 |  3.0
Fire Magic     | 1 |  1.1
Stealth        | |  2.4
Summonings     | |  1.1
Translocations | |  1.1
Evocations     | |  0.7

Action                   |  1- 3 |  4- 6 || total
-------------------------+-------+-------++-------
Melee: Dagger            |     2 |     5 ||     7
       Staff             |       |     2 ||     2
 Cast: Magic Dart        |    51 |     1 ||    52
       Foxfire           |    27 |    38 ||    65
Armor: Robe              |     3 |     2 ||     5
Dodge: Dodged            |    15 |    12 ||    27

Table legend: (Time is in decaauts)
 A = Elapsed time spent in this place.
 B = Non-inter-level travel time spent in this place.
 C = Inter-level travel time spent in this place.
 D = Time resting spent in this place.
 E = Time spent auto-exploring this place.
 F = Levels seen in this place.
 G = Mean time per level.
                   A        B        C        D        E       F      G
               +--------+--------+--------+--------+--------+-----+--------+
         Total |   3182 |   3153 |     29 |      8 |   2720 |   4 |  795.5 |
       Dungeon |   3182 |   3153 |     29 |      8 |   2720 |   4 |  795.5 |
               +--------+--------+--------+--------+--------+-----+--------+

Top non-repeatable levels by time:
     D:1: 1214 daAuts
     D:2: 856 daAuts
     D:3: 764 daAuts
     D:4: 348 daAuts
